 Dungeon Crawl Stone Soup version 0.26.0-10-g1f06aea511 (webtiles) character file.

Game seed: 9166438945337801160

3514 raph the Geomancer (level 9, -16/49 HPs)
             Began as a Deep Elf Earth Elementalist on Jan 25, 2021.
             Was a Believer of Vehumet.
             Killed by the air
             ... invoked by Gastronok
              (19 damage)
             ... on level 8 of the Dungeon.
             The game lasted 00:27:36 (13075 turns).

raph the Geomancer (Deep Elf Earth Elementalist)   Turns: 13075, Time: 00:27:37

Health: -16/49     AC: 10    Str:  5    XL:     9   Next: 81%
Magic:  3/17       EV: 16    Int: 24    God:    Vehumet [**....]
Gold:   598        SH:  7    Dex: 21    Spells: 1/16 levels left

rFire    . . .     SeeInvis .   q - +0 dagger (venom)
rCold    . . .     Faith    +   n - +1 buckler
rNeg     . . .     Spirit   .   F - +0 steam dragon scales
rPois    .         Reflect  .   i - +1 helmet
rElec    .         Harm     .   h - +0 cloak
rCorr    .         Rampage  .   t - +0 pair of gloves
Will     .....                  C - +0 pair of boots
Stlth    +++.......             z - amulet of faith
HPRegen  0.16/turn              v - +6 ring of dexterity
MPRegen  0.15/turn              (no ring)

@: no status effects
A: no striking features
a: Renounce Religion


You were on level 8 of the Dungeon.
You worshipped Vehumet.
Vehumet was pleased with you.
You visited 1 branch of the dungeon, and saw 8 of its levels.

You collected 598 gold pieces.

Inventory:

Hand Weapons
 f - a +0 hand axe
 g - a +0 dagger
 q - a +0 dagger of venom (weapon)
 B - a +0 dagger of speed
Missiles
 b - 289 stones
Armour
 a - a +3 leather armour
 c - a +0 robe
 h - a +0 cloak (worn)
 i - a +1 helmet (worn)
 n - a +1 buckler (worn)
 t - a +0 pair of gloves (worn)
 C - a +0 pair of boots (worn)
 F - +0 steam dragon scales (worn)
Jewellery
 v - a +6 ring of dexterity (left hand)
 y - an uncursed amulet of regeneration
 z - an amulet of faith (around neck)
Wands
 A - a wand of paralysis (5)
 D - a wand of random effects (26)
 G - a wand of iceblast (10)
 H - a wand of polymorph (9)
Scrolls
 j - 2 scrolls of amnesia
 l - 3 scrolls of teleportation
 w - 5 scrolls of remove curse
 E - a scroll of identify
Potions
 d - 4 potions of degeneration
 e - 6 potions of curing
 k - 7 potions of flight
 m - a potion of haste
 o - a potion of might
 p - 2 potions of mutation
 r - 2 potions of magic
 s - 3 potions of heal wounds
 u - a potion of invisibility
 x - a potion of resistance


   Skills:
 + Level 2.6 Fighting
 + Level 2.6 Short Blades
 - Level 0.4 Armour
 + Level 5.1 Dodging
 - Level 3.8 Stealth
 - Level 4.0 Shields
 - Level 4.1 Spellcasting
 - Level 2.3 Conjurations
 - Level 1.1 Transmutations
 * Level 12.1 Earth Magic


You had one spell level left.
You knew the following spells:

 Your Spells              Type           Power        Failure   Level
a - Sandblast             Erth           100%         1%          1
b - Passwall              Tmut/Erth      30%          1%          2
c - Stone Arrow           Conj/Erth      78%          1%          3
d - Lee's Rapid Deconstr  Erth           29%          1%          5
e - Magic Dart            Conj           64%          3%          1
f - Dazzling Flash        Conj/Hex       20%          19%         3

Your spell library contained the following spells:

 Spells                   Type           Power        Failure   Level
 Petrify                  Tmut/Erth      36%          6%          4
 Cause Fear               Hex            2%           67%         4
 Yara's Violent Unravell  Hex/Tmut       3%           91%         5
 Silence                  Hex/Air        2%           95%         5
 Discord                  Hex            2%           100%        8


Dungeon Overview and Level Annotations

Branches:
Dungeon (8/15)             Temple (0/1) D:6
   Lair: D:8-11

Altars:
Cheibriados
Fedhas
Gozag
Nemelex Xobeh
Qazlal
Vehumet
Yredelemnul

Shops:
D:6 ([   D:8 (

Annotations:
D:8 Gastronok


Message History

Confirm with . or Enter, or press ? or * to list all spells.
Aiming: Lee's Rapid Deconstruction (dangerous; 1% risk of failure)
Press: ? - help, Dir - move target A rock wall.
The wall shatters!
The blast of rock fragments hits Gastronok!
Gastronok is moderately wounded.
Gastronok waves his eye-stalks in wide circles.
The air twists around and strikes you!!
Ouch! That really hurt!
Casting: Lee's Rapid Deconstruction (dangerous; 1% risk of failure)
Confirm with . or Enter, or press ? or * to list all spells.
You don't have enough magic to cast that spell.
Unknown command.
Gastronok waves his eye-stalks in wide circles.
The air twists around and strikes you!!
* * * LOW HITPOINT WARNING * * *
Gastronok waves his eye-stalks in wide circles.
The air twists around and strikes you!!
You die...

#### ### ######..# ### #.#
#......## ##.#########.#
##.[.####.## ......#......##
##...## #.#
......##......### ##.#...#
#.##
...########.....###.###..##
#..# ...## ##........##
##..## ##.. ....#
##.....#@...# ##..## #..
....#####.....###...#
##..####.
##............##....##
##......
##..?........##.....##
#..####.
##...................###..##
#.
#........)...........#...#
#. #.####.....####^........#
#. ##.# ##...## #..##w.#...#
##. #..# ##..#
#..#...###..####..


You could see Gastronok.

Vanquished Creatures
  Joseph (D:8)
  Maggie (D:8)
  Grinder (D:3)
  Edmund (D:5)
  A black bear (D:6)
  4 ice beasts
  2 orc warriors
  A phantom (D:8)
  2 ogres
  3 centaurs
  Blork the orc (D:4)
  A bullfrog (D:6)
  A water moccasin skeleton (D:4)
  3 howler monkeys (D:8)
  2 hounds
  A centaur zombie (D:6)
  A jelly (D:5)
  5 orc wizards
  A quasit (D:8)
  2 bullfrog skeletons
  3 iguanas
  5 orc priests
  Jessica (D:3)
  Natasha (D:2)
  5 worker ants
  Robin (D:3)
  11 gnolls
  13 adders
  A shadow imp (D:7)
  4 white imps
  2 oozes
  An adder skeleton (D:6)
  4 worms
  4 dart slugs
  8 leopard geckos
  31 orcs
  2 ball pythons
  4 giant cockroaches
  20 goblins
  10 hobgoblins
  4 jackals (D:1)
  7 quokkas
  10 bats
  5 frilled lizards
  14 kobolds
  A leopard gecko zombie (D:8)
  A quokka skeleton (D:4)
  8 rats
216 creatures vanquished.

Vanquished Creatures (others)
  2 plants (D:8)
2 creatures vanquished.

Grand Total: 218 creatures vanquished

Notes
Turn   | Place    | Note
-------+----------+-------------------------------------------
     0 | D:1      | raph the Deep Elf Earth Elementalist began the quest for
                  | the Orb.
     0 | D:1      | Reached XP level 1. HP: 10/10 MP: 6/6
   314 | D:1      | Reached XP level 2. HP: 15/15 MP: 6/8
   878 | D:1      | Reached XP level 3. HP: 19/19 MP: 5/9
   881 | D:1      | Learned a level 2 spell: Passwall
   885 | D:1      | Learned a level 3 spell: Stone Arrow
  1409 | D:1      | Reached skill level 4 in Earth Magic
  1720 | D:2      | Reached XP level 4. HP: 24/24 MP: 5/11
  1724 | D:2      | Reached skill level 1 in Conjurations
  2857 | D:2      | Noticed Natasha
  2866 | D:2      | Reached XP level 5. HP: 26/28 MP: 5/12
  2871 | D:2      | Killed Natasha
  2872 | D:2      | Reached skill level 1 in Fighting
  3800 | D:3      | Learned a level 5 spell: Lee's Rapid Deconstruction
  3868 | D:3      | Noticed Robin
  3885 | D:3      | Killed Robin
  4566 | D:3      | Reached XP level 6. HP: 34/34 MP: 8/14
  4732 | D:3      | Found an opulent altar of Gozag.
  4732 | D:3      | Found a sparkling altar of Nemelex Xobeh.
  4735 | D:3      | Noticed Grinder
  4737 | D:3      | Paralysed by Grinder for 2 turns
  4748 | D:3      | Killed Grinder
  4749 | D:3      | Reached skill level 1 in Shields
  4749 | D:3      | Reached skill level 5 in Earth Magic
  5197 | D:3      | Noticed Jessica
  5199 | D:3      | Killed Jessica
  5419 | D:3      | Reached XP level 7. HP: 38/38 MP: 13/15
  5433 | D:3      | Found a blossoming altar of Fedhas.
  5436 | D:3      | Found a radiant altar of Vehumet.
  5445 | D:3      | Found a basalt altar of Yredelemnul.
  5460 | D:3      | Became a worshipper of Vehumet
  5518 | D:4      | Reached skill level 6 in Earth Magic
  6007 | D:4      | Noticed Blork the orc
  6025 | D:4      | Killed Blork the orc
  6144 | D:4      | Reached * piety under Vehumet
  6144 | D:4      | Offered knowledge of Magic Dart by Vehumet.
  6145 | D:4      | Reached skill level 7 in Earth Magic
  6147 | D:4      | Learned a level 1 spell: Magic Dart
  7193 | D:5      | Entered Level 5 of the Dungeon
  7240 | D:5      | Found a snail-covered altar of Cheibriados.
  7596 | D:5      | Reached XP level 8. HP: 43/43 MP: 8/16
  8329 | D:5      | Found a stormy altar of Qazlal.
  8329 | D:5      | Noticed Edmund
  8334 | D:5      | Killed Edmund
  8335 | D:5      | Reached skill level 8 in Earth Magic
  9252 | D:5      | Reached skill level 9 in Earth Magic
  9576 | D:6      | Found a staircase to the Ecumenical Temple.
  9597 | D:6      | Offered knowledge of Shock by Vehumet.
  9732 | D:6      | Found Rorphaeciy's Armour Shop.
  9776 | D:6      | Reached ** piety under Vehumet
  9782 | D:6      | Reached skill level 10 in Earth Magic
 10027 | D:6      | Found Rithudio's Antique Weapon Shoppe.
 10249 | D:6      | Reached XP level 9. HP: 42/47 MP: 11/17
 10865 | D:7      | Reached skill level 11 in Earth Magic
 11608 | D:8      | Noticed Gastronok
 11697 | D:8      | Noticed Maggie
 11787 | D:8      | Reached skill level 1 in Short Blades
 11825 | D:8      | Found Daowuf's Antique Weapon Shoppe.
 12282 | D:8      | Offered knowledge of Dazzling Flash by Vehumet.
 12346 | D:8      | Killed Maggie
 12348 | D:8      | Noticed Joseph
 12485 | D:8      | Killed Joseph
 12486 | D:8      | Reached skill level 5 in Dodging
 12486 | D:8      | Reached skill level 12 in Earth Magic
 12708 | D:8      | Learned a level 3 spell: Dazzling Flash
 13075 | D:8      | Killed from afar by Gastronok

Illustrated notes

Levels and vault maps discovered:
D:1:      dpeg_arrival_three_same_balls, layout_basic
D:2:      layout_loops_corners, uniq_natasha
D:3:      layout_basic, grunt_temple_overflow_opulence,
          minmay_overflow_temple_star_quad, uniq_grinder, uniq_robin,
          uniq_jessica
D:4:      layout_basic, uniq_blork_the_orc
D:5:      layout_layer_cave, nicolae_qazlal_eye_of_the_storm, basic_altar,
          uniq_edmund
D:6:      layout_gridville, temple_doors_ab, serial_shops,
          kennysheep_little_box, shop
D:7:      layout_rooms
D:8:      layout_layer_cave, serial_shops, nicolae_shop_overgrown_old_shop,
          small_chamber_with_monster, uniq_gastronok, uniq_joseph, uniq_maggie

Skill      XL: |  1  2  3  4  5  6  7  8  9 |
---------------+----------------------------+-----
Stealth        | 3 |  3.8
Dodging        | 3 5 |  5.1
Earth Magic    | 4 5 7 10 12 | 12.1
Conjurations   | 1 2 |  2.3
Fighting       | 1 2 |  2.6
Spellcasting   | 4 |  4.1
Shields        | 2 3 4 |  4.0
Short Blades   | 2 |  2.6
Armour         | |  0.4
Transmutations | |  1.1

Action                   |  1- 3 |  4- 6 |  7- 9 || total
-------------------------+-------+-------+-------++-------
Melee: Unarmed           |     6 |       |       ||     6
       Dagger            |    13 |    62 |    65 ||   140
 Cast: Sandblast         |    44 |    83 |    58 ||   185
       Stone Arrow       |     2 |    16 |    83 ||   101
       Lee's Rapid Decon |       |       |    19 ||    19
       Magic Dart        |       |       |     6 ||     6
  Use: Scroll            |       |    10 |    12 ||    22
 Stab: Sleeping          |     1 |     5 |    10 ||    16
Armor: Robe              |     5 |     7 |       ||    12
       Leather armour    |       |    18 |    23 ||    41
Dodge: Dodged            |    29 |    69 |    39 ||   137
Block: Buckler           |       |     2 |    24 ||    26
